AoeStats
← Mineer_Valus

Fortress

509868423Analyzed
4v4 RM · 2d ago on Sep 28, 2026· 37m 33s· 8 players
Game mode
Random Map
Map size
Huge
Population
200
Speed
Normal
Resources
Standard
Victory
Conquest
Starting age
Dark Age
Ending age
Imperial Age
RankedLock teamsTeams togetherTeam positionsShared explorationLock speedFull tech treeHidden civsTurbo modeCheats
Victory
Defeat
🇨🇳 Cumans · China
1506
+16
🇨🇦 Spanish · Canada
1502
+16
🇹🇼 Danes · Taiwan
1490
+17
🇨🇳 Khmer · China
1461
+18
🇨🇳 Wu · China
1656
-22
🇨🇳 Romans · China
1629
-21
🇨🇳 Jurchens · China
1538
-18
🇦🇷 Khmer · Argentina
1221
-6
CTWD
8:05 Feudal Age
8:43 Feudal Age
11:35 Castle Age
9:21 Double-Bit Axe
9:19 Horse Collar
13:25 Bow Saw
14:05 Heavy Plow
14:53 Loom
16:57 Wheelbarrow
18:42 Town Watch
25:20 Imperial Age
24:32 Bloodlines
25:13 Hand Cart
24:44 Town Watch
25:20 Husbandry
25:26 Scale Barding Armor
25:32 Forging
25:45 Elite Battle Elephant
26:46 Chain Barding Armor
27:02 Iron Casting
26:30 Tusk Swords
26:51 Conscription
26:53 Gold Mining
26:54 Stone Mining
28:18 Plate Barding Armor
28:45 Blast Furnace
31:41 Crop Rotation
31:47 Gold Shaft Mining
31:48 Stone Shaft Mining
32:46 Capped Ram
33:43 Light Cavalry
33:54 Siege Ram
34:29 Hussar
38:36 Chemistry
37:39 Double Crossbow
championqc82
7:36 Feudal Age
11:19 Castle Age
9:44 Double-Bit Axe
10:25 Gold Mining
12:51 Wheelbarrow
20:18 Padded Archer Armor
22:03 Loom
24:15 Leather Archer Armor
25:44 Hand Cart
26:09 Bloodlines
26:49 Stone Mining
26:53 Town Watch
30:22 Town Patrol
30:59 Stone Shaft Mining
30:40 Bow Saw
33:36 Imperial Age
31:52 Horse Collar
32:47 Heavy Plow
34:56 Conscription
34:48 Husbandry
35:14 Ballistics
35:55 Chemistry
36:14 Ring Archer Armor
肉肉小狗
7:05 Feudal Age
10:49 Castle Age
8:42 Double-Bit Axe
8:49 Horse Collar
11:40 Bow Saw
14:01 Loom
14:33 Scale Mail Armor
20:22 Chain Mail Armor
21:03 Arson
22:19 Wheelbarrow
24:35 Hand Cart
25:04 Squires
26:28 Forging
29:27 Imperial Age
26:59 Stone Mining
26:59 Gold Mining
27:25 Town Watch
27:56 Man-at-Arms
28:21 Gambesons
29:10 Pikeman
29:18 Long Swordsman
30:52 Iron Casting
30:17 Two-Handed Swordsman
32:07 Plate Mail Armor
34:29 Blast Furnace
33:43 Champion
33:52 Halberdier
34:34 Onager
36:49 Conscription
37:08 Gold Mining
37:48 Fletching
hoot
5:47 Feudal Age
6:34 Double-Bit Axe
7:33 Horse Collar
9:42 Loom
11:33 Wheelbarrow
13:37 Gold Mining
17:06 Castle Age
15:14 Fletching
16:12 Stone Mining
18:22 Bow Saw
22:10 Imperial Age
20:10 Bodkin Arrow
20:17 Padded Archer Armor
21:24 Bloodlines
23:10 Leather Archer Armor
23:59 Chemistry
23:42 Leather Archer Armor
24:10 Conscription
24:39 Ballistics
24:36 Thumb Ring
26:13 Parthian Tactics
26:13 Steppe Husbandry
27:26 Town Watch
28:13 Elite Kipchak
30:06 Ring Archer Armor
30:27 Heavy Plow
33:15 Guilds
34:08 Hand Cart
35:57 Two-Man Saw
37:24 Caravan
悠律
7:36 Feudal Age
11:15 Castle Age
10:00 Double-Bit Axe
10:31 Horse Collar
11:17 Fletching
12:08 Bow Saw
18:08 Bodkin Arrow
20:58 Wheelbarrow
20:10 Town Watch
22:35 Gold Mining
22:34 Loom
25:10 Gold Shaft Mining
24:26 Stone Mining
25:14 Hand Cart
25:39 Ballistics
25:55 Gold Shaft Mining
28:48 Imperial Age
27:33 Red Cliffs Tactics
28:05 Hand Cart
27:51 Town Patrol
29:36 Elite Fire Archer
30:17 Bracer
31:19 Chemistry
31:12 Pikeman
31:49 Halberdier
32:41 Scale Mail Armor
32:50 Squires
32:35 Arson
33:12 Conscription
33:44 Chain Mail Armor
洛莉
6:49 Feudal Age
11:05 Castle Age
8:57 Double-Bit Axe
9:04 Horse Collar
13:09 Heavy Plow
13:45 Bow Saw
19:35 Gold Mining
20:22 Wheelbarrow
20:58 Gold Shaft Mining
20:20 Loom
24:33 Imperial Age
22:34 Scale Mail Armor
21:54 Man-at-Arms
22:35 Squires
22:47 Forging
24:04 Chain Mail Armor
23:35 Long Swordsman
24:38 Capped Ram
24:43 Legionary
26:00 Conscription
26:35 Iron Casting
27:21 Comitatenses
27:15 Siege Ram
28:04 Siege Ram
28:26 Pikeman
29:12 Halberdier
33:38 Hand Cart
37:16 Blast Furnace
37:52 Ballistas
兽用人医培养专家
6:22 Feudal Age
9:36 Castle Age
7:50 Gold Mining
7:45 Horse Collar
8:08 Double-Bit Axe
16:04 Heavy Plow
16:39 Loom
18:05 Wheelbarrow
17:17 Town Watch
23:07 Gold Mining
25:58 Hand Cart
32:42 Gold Shaft Mining
33:46 Stone Mining
34:14 Scale Barding Armor
35:06 Ballistics
35:28 Chain Barding Armor
37:10 Bloodlines
Mineer_Valus
7:37 Feudal Age
8:35 Double-Bit Axe
11:22 Castle Age
9:40 Horse Collar
12:20 Bow Saw
18:22 Wheelbarrow
18:26 Scale Barding Armor
18:25 Loom
20:08 Forging
21:40 Stone Mining
22:43 Chain Barding Armor
23:05 Bloodlines
23:45 Hand Cart
24:37 Husbandry
26:24 Stone Shaft Mining
25:42 Gold Mining
26:50 Iron Casting
27:50 Gold Shaft Mining
27:21 Treadmill Crane
31:31 Imperial Age
33:21 Plate Barding Armor
33:59 Two-Man Saw
33:12 Elite Iron Pagoda
35:05 Chemistry
36:08 Blast Furnace
36:26 Conscription
37:42 Thunderclap Bombs
Connection lost

Rejoining the realm…

Still unreachable

The connection could not be restored.

Session expired

The server has moved on; the page needs a fresh start.